 Dungeon Crawl Stone Soup version 0.32-a0-485-g70f7560b1c (webtiles) character file.

Game seed: 4563335242736027728

3119 ytrimaz the Geomancer (level 9, -6/51 HPs)
             Began as an Octopode Earth Elementalist on Feb 27, 2024.
             Was an Initiate of Ashenzari.
             Mangled by a wyvern (18 damage)
             ... on level 7 of the Dungeon.
             The game lasted 00:09:38 (6667 turns).

ytrimaz the Geomancer (Octopode Earth Elementalist) Turns: 6667, Time: 00:09:38

Health: -6/51      AC:  1    Str:  7    XL:     9   Next: 91%
Magic:  16/20      EV: 13    Int: 22    God:    Ashenzari [......]
Gold:   301        SH:  0    Dex: 12    Spells: 8/23 levels left

rFire   . . .        l - staff of earth
rCold   + . .        (no shield)
rNeg    . . .        (helmet restricted)
rPois   +            q - amulet of regeneration
rElec   .            p - ring of protection from cold
rCorr   .            x - ring of poison resistance
SInv    .            (no ring)
Will    .....        (no ring)
Stlth   ++++         (no ring)
HPRegen 1.08/turn    (no ring)
MPRegen 0.17/turn    (no ring)
                     (no ring)

%: no passive effects
@: no status effects
A: almost no armour, amphibious, 8 rings, camouflage 1, gelatinous body 1,
(nimble swimmer 1), tentacles
a: Renounce Religion


You were on level 7 of the Dungeon.
You worshipped Ashenzari.
Ashenzari was noncommittal.
You visited 2 branches of the dungeon, and saw 9 of its levels.
You also visited: Sewer.

You collected 301 gold pieces.


Innate Abilities, Weirdness & Mutations

You cannot wear most types of armour.
You are amphibious.
You can wear up to eight rings at the same time.
Your skin changes colour to match your surroundings (Stealth+).
Your rubbery body absorbs attacks. (AC +1, EV +1)
((You are camouflaged when in or above water. (Stealth+)))
You have tentacles for arms and can constrict up to eight enemies at once.


   Skills:
 - Level 2.0 Dodging
 - Level 7.0 Stealth
 + Level 7.5 Spellcasting
 - Level 5.0 Conjurations
 * Level 9.1 Earth Magic
 * Level 1.3 Alchemy


You had 8 spell levels left.
You knew the following spells:

 Your Spells              Type           Power      Damage    Failure   Level
a - Sandblast             Erth           100%       2d20      1%          1
b - Stone Arrow           Conj/Erth      100%       3d13      1%          3
c - Passwall              Erth           64%        N/A       1%          3
d - Brom's Barrelling Bo  Conj/Erth      56%        2d7       4%          4
e - Petrify               Alch/Erth      46%        N/A       9%          4

Your spell library contained the following spells:

 Spells                   Type           Power      Damage    Failure   Level


Inventory:

Hand Weapons
 e - a +1 dagger of venom
   (You took it off a kobold on level 1 of the Dungeon)
Missiles
 o - 4 throwing nets
Magical Staves
 l - a staff of earth (weapon)
   (You found it on level 4 of the Dungeon)
Jewellery
 p - a ring of protection from cold (left tentacle)
   (You found it on level 4 of the Dungeon)
 q - an amulet of regeneration (around mantle)
   (You found it on level 5 of the Dungeon)
 x - a ring of poison resistance (right tentacle)
   (You found it on level 7 of the Dungeon)
Wands
 d - a wand of paralysis (5)
   (You took it off a wight on level 6 of the Dungeon)
 n - a wand of flame (25)
   (You took it off a kobold brigand on level 5 of the Dungeon)
Scrolls
 h - a scroll of fog
 j - a scroll of teleportation
 k - a scroll of amnesia
 s - a scroll of torment
 t - a scroll of enchant armour {unknown}
 v - a scroll of fear {unknown}
 w - a scroll of poison {unknown}
 y - a scroll of identify
Potions
 a - 2 potions of magic
 b - 2 potions of curing
 c - a potion of ambrosia
 f - 2 potions of might
 g - 9 potions of degeneration
 i - 2 potions of resistance {unknown}
 m - a potion of lignification {unknown}
 r - a potion of heal wounds
 u - a potion of berserk rage

Dungeon Overview and Level Annotations

Branches:
Dungeon (8/15) Zot: 26981  Temple (1/1) D:7 Zot: 5947   Sewer (visited)
   Lair: D:8-11

Altars:
Ashenzari
Dithmenos
Elyvilon
Fedhas
Gozag
Hepliaklqana
Kikubaaqudgha
Makhleb
Nemelex Xobeh
Okawaru
Sif Muna
Trog
Uskayaw
Vehumet
Wu Jian
Xom
Zin
The Shining One

Shops:
D:1 ?? D:2

(
.....................#.#.........
#................................
...⌠.........###...............##
.............###..)............##
.⌠.>.⌠.........................##
................#..###...........
...⌠....####.......##............
...........##...k...#............
................@...#.....~†.....
..###......##.......#............
#.###......##.......#.......####.
..#.......###.......#.......# #.
..#.......+#........#.......####.
..#....[..##........#.###........
........#.##...##...#+####.......
........#........................
................#................


You could see a wyvern.


Message History

You can't see any susceptible monsters within range! (Use Z to cast anyway.)
You open the door.
A centaur comes into view. 😎 MP[+1]
Your mp is fully restored (20).
A centaur is nearby!
A centaur is nearby!
A centaur is nearby!
There is an open door here.
You feel a surge of power!
The blast of sand hits the centaur.
The centaur shouts!
The centaur wields a +0 shortbow.
The centaur shoots an arrow.
The arrow hits you!
The centaur shoots an arrow.
The arrow barely misses you. 😮 HP[-13] MP[-1]
You take 13 damage, and now have 38/51 hp.
MASSIVE DAMAGE!! (PAUSE)
You lost 1 mp, and now have 19/20 mp.
Casting: Sandblast (safe; 1% risk of failure)
Confirm with . or Enter, or press ? or * to list all spells.
Aiming: Stone Arrow (safe; 1% risk of failure)
Press: ? - help, Shift-Dir - straight line, f/p - centaur
Aim: a centaur, wielding a +0 shortbow (lightly wounded, 87% to hit)
You feel a surge of power!
The stone arrow hits the centaur!!
You kill the centaur! 😕 HP[+1] MP[-3]
You lost 3 mp, and now have 16/20 mp.
Casting: Stone Arrow (safe; 1% risk of failure)
Confirm with . or Enter, or press ? or * to list all spells.
You can't see any susceptible monsters within range! (Use Z to cast anyway.) Unknown command.
Found a stone staircase leading up. 😎 HP[+12] MP[+4]
Your hp is fully restored (51).
Your mp is fully restored (20).
Unknown command.
You open the door.
There is an open door here.
Found a stone staircase leading down.
There is a stone staircase leading down here.
Done exploring.
Done exploring.
Done exploring.
Done exploring.
There is a stone staircase leading up here.
There is a stone staircase leading down here.
You climb downwards.
There is a stone staircase leading up here.
y - a scroll of identify
Found a stone staircase leading up.
An orc comes into view. It is wielding a +0 mace.
An orc is nearby!
An orc is nearby!
A bullfrog and an orc wizard come into view.
An orc priest comes into view. It is wielding a +0 short sword.
You feel a surge of power!
The blast of sand hits the orc!!
You kill the orc!
The bullfrog gives a loud, deep croak!
The orc wizard shouts!
The orc priest shouts!
A wyvern comes into view.
The orc wizard mumbles some strange words.
The orc wizard flickers and vanishes!
Deactivating autopickup; reactivate with Ctrl-A.
The wyvern hisses angrily. 😎 MP[-1]
You lost 1 mp, and now have 19/20 mp.
You feel a surge of power!
The blast of sand hits the bullfrog!!
You kill the bullfrog!
Your Alchemy skill increases to level 1! 😎 MP[-1]
You lost 1 mp, and now have 18/20 mp.
The orc priest invokes the aid of Beogh against you.
Beogh smites you! 😕 HP[-10]
You take 10 damage, and now have 41/51 hp. 😕 HP[+1]
The wyvern attacks as it pursues you! The wyvern bites you. 😮 HP[-5] MP[+1]
You take 5 damage, and now have 37/51 hp.
The wyvern attacks as it pursues you! The wyvern closely misses you.
The wyvern bites you!
There is a stone staircase leading up here. 😮 HP[-10]
You take 10 damage, and now have 27/51 hp.
The wyvern bites you!
* * * LOW HITPOINT WARNING * * *
You climb upwards.
Reactivating autopickup.
There is a stone staircase leading down here. 😨 HP[-12]
You take 12 damage, and now have 15/51 hp.
MASSIVE DAMAGE!! (PAUSE)
Casting: Sandblast (safe; 1% risk of failure)
Confirm with . or Enter, or press ? or * to list all spells.
Aiming: Stone Arrow (safe; 1% risk of failure)
Press: ? - help, Shift-Dir - straight line, f - wyvern
Aim: a wyvern (78% to hit)
You feel a surge of power!
The stone arrow hits the wyvern.
The wyvern bites you.
* * * LOW HITPOINT WARNING * * *
The wyvern bites you!!
You die...

Skill      XL: |  1  2  3  4  5  6  7  8  9 |
---------------+----------------------------+-----
Stealth        | 3 4 5 6 7 |  7.0
Spellcasting   | 3 4 5 6 7 |  7.5
Earth Magic    | 4 5 7 9 |  9.1
Conjurations   | 3 5 |  5.0
Alchemy        | 1 |  1.3
Dodging        | |  2.0

Action                     |  1- 3 |  4- 6 |  7- 9 || total
---------------------------+-------+-------+-------++-------
  Melee: Unarmed           |     2 |       |       ||     2
         Constrict         |     1 |     3 |     1 ||     5
         Tentacles         |     1 |     1 |     1 ||     3
         Dagger            |     2 |    12 |       ||    14
         Staff             |       |       |     1 ||     1
   Cast: Sandblast         |    54 |    73 |   105 ||   232
         Stone Arrow       |       |     1 |    13 ||    14
         Petrify           |       |       |     1 ||     1
    Use: Scroll            |     4 |     4 |     4 ||    12
         Potion            |       |       |     1 ||     1
 Armour: Skin              |    12 |     8 |    43 ||    63
  Dodge: Dodged            |    14 |    24 |    49 ||    87

Levels and vault maps discovered:
D:1:      dpeg_arrival_connections, layout_loops_ring, serial_shops, shop,
          nicolae_shop_tiny_glass
D:2:      layout_basic, chequers_ecumenical_altar_simple_redux, serial_shops,
          shop, serial_forest, infiniplex_forest_lined_3,
          infiniplex_forest_lined_corner, infiniplex_forest_clump_double,
          infiniplex_forest_lined_2, infiniplex_forest_clump_tiny,
          infiniplex_forest_clump_small
D:3:      layout_basic, serial_curves, eino_curves_02, eino_curves_03,
          uniq_natasha
D:4:      layout_basic, chequers_serial_rivers_small_3
D:5:      layout_basic, blue_anna_alchemist
D:6:      layout_basic, mainiacjoe_sewer_entry_somewhere_in_here_1,
          hellmonk_no_cap, uniq_grinder
D:7:      layout_basic, temple_fountains, minmay_misc_feat_rows
D:8:      layout_basic, nicolae_overflow_quartered_altars, serial_shops, shop
Temple:   mainiacjoe_temple_bowtie_tessellation

Notes
Turn   | Place    | Note
-------+----------+-------------------------------------------
     0 | D:1      | ytrimaz the Octopode Earth Elementalist began the quest for
                  | the Orb.
     0 | D:1      | Reached XP level 1. HP: 11/11 MP: 3/3
     0 | D:1      | magus.rc [v1.9.6]
   136 | D:1      | Reached skill level 3 in Stealth
   136 | D:1      | Reached XP level 2. HP: 17/17 MP: 0/5
   268 | D:1      | Found Comubois's Magic Scroll Emporium.
   282 | D:1      | Found Axtager's Magic Scroll Boutique.
   725 | D:1      | Reached XP level 3. HP: 21/21 MP: 4/6
  1190 | D:2      | Found a faded altar of an unknown god.
  1349 | D:2      | Reached skill level 3 in Spellcasting
  1448 | D:2      | Found Ushrud's Weapon Boutique.
  1570 | D:2      | Reached XP level 4. HP: 26/27 MP: 6/8
  1934 | D:3      | Noticed Natasha
  1940 | D:3      | Killed Natasha
  1941 | D:3      | Reached skill level 4 in Stealth
  2297 | D:3      | Noticed Natasha
  2306 | D:3      | Killed Natasha
  2307 | D:3      | Reached XP level 5. HP: 24/31 MP: 8/10
  2355 | D:3      | Noticed Natasha
  2359 | D:3      | Killed Natasha
  2668 | D:4      | Reached skill level 4 in Spellcasting
  2668 | D:4      | Reached skill level 4 in Earth Magic
  3047 | D:4      | Reached XP level 6. HP: 15/36 MP: 10/12
  3151 | D:4      | Reached skill level 5 in Stealth
  3275 | D:4      | Learned a level 3 spell: Stone Arrow
  3331 | D:5      | Entered Level 5 of the Dungeon
  3418 | D:5      | Identified the +0 pair of gloves of Philately {rF+}
  3747 | D:5      | Reached skill level 5 in Spellcasting
  3747 | D:5      | Reached XP level 7. HP: 41/41 MP: 11/14
  3918 | D:5      | Reached skill level 6 in Stealth
  3924 | D:5      | Reached skill level 5 in Earth Magic
  3938 | D:5      | HP: 7/41 [iguana (11)]
  4443 | D:6      | Reached XP level 8. HP: 46/46 MP: 13/16
  4449 | D:6      | HP: 4/46 [wight/+2 great sword of freezing (21)]
  4632 | D:6      | Identified the +1 whip of the Bespelling Viper {freeze,
                  | *Slow Str+3 Dex+6}
  4664 | D:6      | Reached skill level 7 in Stealth
  4664 | D:6      | Reached skill level 6 in Spellcasting
  4664 | D:6      | Reached skill level 2 in Conjurations
  4664 | D:6      | Reached skill level 6 in Earth Magic
  4761 | D:6      | Noticed Grinder
  4773 | D:6      | Killed Grinder
  4774 | D:6      | Reached skill level 3 in Conjurations
  4774 | D:6      | Reached skill level 7 in Earth Magic
  4925 | D:6      | Found a glowing drain.
  4932 | Sewer    | Entered a sewer
  4960 | Sewer    | Reached XP level 9. HP: 51/51 MP: 14/18
  4982 | Sewer    | Noticed Pargi
  4987 | Sewer    | Killed Pargi
  5136 | D:6      | Learned a level 3 spell: Passwall
  5141 | D:6      | Learned a level 4 spell: Brom's Barrelling Boulder
  5146 | D:6      | Learned a level 4 spell: Petrify
  5181 | D:6      | Reached skill level 4 in Conjurations
  5416 | D:6      | Reached skill level 8 in Earth Magic
  5419 | D:6      | HP: 12/51 [sleepcap (19)]
  5790 | D:7      | Reached skill level 7 in Spellcasting
  6199 | D:7      | Found a staircase to the Ecumenical Temple.
  6208 | Temple   | Entered the Ecumenical Temple
  6235 | Temple   | Became a worshipper of Ashenzari the Shackled
  6348 | D:7      | Reached skill level 5 in Conjurations
  6348 | D:7      | Reached skill level 9 in Earth Magic
  6661 | D:8      | Reached skill level 1 in Alchemy
  6667 | D:7      | HP: 12/51 [wyvern (4)]
  6667 | D:7      | Mangled by a wyvern

Vanquished Creatures
  Grinder (D:6)
  2 yaks (D:7)
  An ice beast (D:6)
  Pargi (Sewer)
  A black bear (D:7)
  3 sky beasts (D:7)
  3 ogres (D:6)
  A centaur (D:7)
  A brain worm (Sewer)
  2 kobold brigands
  A bullfrog (D:8)
  3 scorpions
  9 wights (D:6)
  A howler monkey (D:6)
  3 jellies
  4 hounds
  An orc priest (D:5)
  3 sleepcaps
  4 iguanas
  Natasha (thrice) (D:3)
  2 orc wizards (D:5)
  4 gnolls (D:4)
  7 adders
  3 shadow imps
  6 ufetubi
  3 dart slugs
  2 ribbon worms
  6 orcs
  9 bats
  4 endoplasms
  4 giant cockroaches
  8 goblins
  11 hobgoblins
  10 jackals
  11 ball pythons
  3 frilled lizards
  10 kobolds
  7 rats
158 creatures vanquished.

Table legend:
 A = Non-vault XP
 B = Vault XP
 C = Vault XP percentage of total XP
 D = Non-vault monster count
 E = Vault monster count
 F = Vault count percentage of total count
                 A         B        C        D         E       F
            +---------+---------+-------+---------+---------+-------
      Total |    3686 |     770 |  17.3 |     146 |      12 |   7.6
            +---------+---------+-------+---------+---------+-------
        D:1 |      42 |       0 |   0.0 |      23 |       0 |   0.0
        D:2 |      47 |       0 |   0.0 |      20 |       0 |   0.0
        D:3 |     104 |      36 |  25.7 |      20 |       1 |   4.8
        D:4 |     141 |       0 |   0.0 |      17 |       0 |   0.0
        D:5 |     580 |      92 |  13.7 |      22 |       1 |   4.3
        D:6 |    1499 |     410 |  21.5 |      28 |       5 |  15.2
        D:7 |    1180 |       0 |   0.0 |      14 |       0 |   0.0
        D:8 |      93 |       0 |   0.0 |       2 |       0 |   0.0
      Sewer |       0 |     232 | 100.0 |       0 |       5 | 100.0
            +---------+---------+-------+---------+---------+-------

Skill      XL: |  1  2  3  4  5  6  7  8  9 |
---------------+----------------------------+-----
Stealth        | 3 4 5 6 7 |  7.0
Spellcasting   | 3 4 5 6 7 |  7.5
Earth Magic    | 4 5 7 9 |  9.1
Conjurations   | 3 5 |  5.0
Alchemy        | 1 |  1.3
Dodging        | |  2.0

Action                     |  1- 3 |  4- 6 |  7- 9 || total
---------------------------+-------+-------+-------++-------
  Melee: Unarmed           |     2 |       |       ||     2
         Constrict         |     1 |     3 |     1 ||     5
         Tentacles         |     1 |     1 |     1 ||     3
         Dagger            |     2 |    12 |       ||    14
         Staff             |       |       |     1 ||     1
   Cast: Sandblast         |    54 |    73 |   105 ||   232
         Stone Arrow       |       |     1 |    13 ||    14
         Petrify           |       |       |     1 ||     1
    Use: Scroll            |     4 |     4 |     4 ||    12
         Potion            |       |       |     1 ||     1
 Armour: Skin              |    12 |     8 |    43 ||    63
  Dodge: Dodged            |    14 |    24 |    49 ||    87

Illustrated notes

Table legend:
 A = Kills in this place as a percentage of kills in the entire game.
 B = Kills by you in this place as a percentage of kills by you in the entire game.
 C = Kills by friends in this place as a percentage of kills by friends in the entire game.
 D = Other kills in this place as a percentage of other kills in the entire game.
 E = Experience gained in this place as a percentage of experience gained in the entire game.
 F = Experience gained in this place divided by the number of levels of this place that you have seen.
                   A       B       C       D       E      F
               +-------+-------+-------+-------+-------+----------------------
         Total | 100.0 | 100.0 |   N/A |   N/A | 100.0 | 445.6
       Dungeon |  96.8 |  96.8 |   N/A |   N/A |  94.8 | 528.0
         Sewer |   3.2 |   3.2 |   N/A |   N/A |   5.2 | 232.0
               +-------+-------+-------+-------+-------+----------------------

Table legend: (Time is in decaauts)
 A = Elapsed time spent in this place.
 B = Non-inter-level travel time spent in this place.
 C = Inter-level travel time spent in this place.
 D = Time resting spent in this place.
 E = Time spent auto-exploring this place.
 F = Levels seen in this place.
 G = Mean time per level.
                   A        B        C        D        E       F      G
               +--------+--------+--------+--------+--------+-----+--------+
         Total |   6779 |   6579 |    200 |     29 |   5546 |  10 |  677.9 |
       Dungeon |   6610 |   6460 |    150 |     29 |   5468 |   8 |  826.2 |
        Temple |     52 |      2 |     50 |      0 |      0 |   1 |   52.0 |
         Sewer |    116 |    116 |      0 |      0 |     78 |   1 |  116.0 |
               +--------+--------+--------+--------+--------+-----+--------+

Top non-repeatable levels by time:
     D:6: 1287 daAuts
     D:1: 1022 daAuts
     D:5: 989 daAuts
     D:7: 934 daAuts
     D:3: 822 daAuts
     D:2: 812 daAuts
     D:4: 725 daAuts
   Sewer: 116 daAuts
  Temple: 52 daAuts
     D:8: 15 daAuts
